 Dungeon Crawl Stone Soup version 0.26-a0-651-gb41185065b (webtiles) character file.

Game seed: 12412952588599229645

632 Flugslaktarn the Ruffian (level 7, 0/71 HPs)
             Began as a Troll Fighter on Oct 27, 2020.
             Shot with an arrow by a centaur (7 damage)
             ... on level 5 of the Dungeon.
             The game lasted 00:01:19 (2762 turns).

Flugslaktarn the Ruffian (Troll Fighter)            Turns: 2762, Time: 00:01:19

Health: 0/71       AC:  6    Str: 25    XL:     7   Next: 24%
Magic:  6/6        EV:  8    Int:  4    God:
Gold:   211        SH:  9    Dex: 17    Spells: 6/6 levels left

rFire    . . .     SeeInvis .     - Unarmed
rCold    . . .     Faith    .   b - +0 kite shield
rNeg     . . .     Spirit   .   a - +0 robe
rPois    .         Reflect  .   (helmet restricted)
rElec    .         Harm     .   (no cloak)
rCorr    .         Rampage  .   (gloves unavailable)
MR       .....                  (boots unavailable)
Stlth    ++........             (no amulet)
HPRegen  0.61/turn              j - +6 ring of dexterity
MPRegen  0.10/turn              (no ring)

@: no status effects
A: large, unfitting armour, claws 3, regeneration 1, shaggy fur 1, tough skin 3
a: no special abilities


You were on level 5 of the Dungeon.
You visited 1 branch of the dungeon, and saw 5 of its levels.

You collected 211 gold pieces.

Inventory:

Armour
 a - a +0 robe (worn)
 b - a +0 kite shield (worn)
Jewellery
 j - a +6 ring of dexterity (left claw)
   (You found it on level 3 of the Dungeon)
Wands
 o - a wand of acid (6)
   (You found it on level 4 of the Dungeon)
Scrolls
 c - a scroll of blinking {unknown}
 e - 2 scrolls of immolation {unknown}
 g - 4 scrolls of remove curse {unknown}
 h - 2 scrolls of fear {unknown}
 i - 3 scrolls of identify {unknown}
 k - a scroll of teleportation {unknown}
 l - a scroll of enchant armour {unknown}
 n - 3 scrolls of enchant weapon {unknown}
Potions
 d - a potion of might
 f - 6 potions of curing {unknown}
 m - a potion of ambrosia {unknown}
 p - 2 potions of heal wounds {unknown}
 q - 2 potions of haste {unknown}
 r - 2 potions of lignification {unknown}


   Skills:
 + Level 4.4 Fighting
 - Level 2.4 Dodging
 - Level 2.4 Shields
 * Level 6.7 Unarmed Combat


You had 6 spell levels left.
You didn't know any spells.
Your spell library was empty.

Dungeon Overview and Level Annotations

Branches:
Dungeon (5/15)
 Temple: D:4-7

Altars:
Ashenzari
Qazlal


Innate Abilities, Weirdness & Mutations

You are too large for most types of armour.
You have claws for hands.
Your natural rate of healing is unusually fast.
You are covered in fur. (AC +1)
You have extremely tough skin. (AC +3)


Message History

You are too injured to fight recklessly!
You are too injured to fight recklessly!
You are too injured to fight recklessly!
You are too injured to fight recklessly!
You are too injured to fight recklessly!
You are too injured to fight recklessly!
You are too injured to fight recklessly!
You are too injured to fight recklessly!
Unknown command.
The centaur shoots an arrow.
The arrow barely misses you.
The water moccasin zombie barely misses you.
You see here an arrow.
The centaur shoots an arrow.
The arrow hits you!
* * * LOW HITPOINT WARNING * * *
You see here an arrow.
The centaur shoots an arrow.
You block the arrow.
Things that are here:
an arrow; 20 stones The centaur shoots an arrow.
The arrow hits you!
You die...

### .... [..
#.#?##.# ...##.####
#..##....
######..##..#
#.......##@.#
#.......##(.#
#.......OZ<.###
#......(....†.#
.......>............
.$...###......###...
...# ####...# . ..
..c.# # .......


You could see a centaur and a water moccasin zombie.

Vanquished Creatures
  Grinder (D:4)
  2 scorpions
  A hound (D:5)
  An orc priest (D:3)
  Ijyb (D:4)
  An iguana (D:4)
  Natasha (thrice) (D:4)
  A worker ant (D:4)
  5 adders
  A gnoll (D:1)
  An ooze (D:1)
  An adder zombie (D:5)
  A worm (D:2)
  4 leopard geckos
  7 orcs
  4 ball pythons
  6 giant cockroaches
  8 goblins
  5 hobgoblins
  4 jackals (D:2)
  2 kobolds
  A quokka (D:2)
  5 bats
  3 frilled lizards
  8 rats
77 creatures vanquished.

Notes
Turn   | Place    | Note
-------+----------+-------------------------------------------
     0 | D:1      | Flugslaktarn the Troll Fighter began the quest for the Orb.
     0 | D:1      | Reached XP level 1. HP: 22/22 MP: 0/0
   178 | D:1      | Reached XP level 2. HP: 22/29 MP: 1/1
   420 | D:1      | Reached skill level 3 in Unarmed Combat
   475 | D:1      | Reached XP level 3. HP: 29/36 MP: 2/2
  1099 | D:2      | Found a broken altar of Ashenzari.
  1302 | D:2      | Reached XP level 4. HP: 45/45 MP: 3/3
  1552 | D:3      | Reached skill level 4 in Unarmed Combat
  1653 | D:3      | Reached XP level 5. HP: 22/53 MP: 4/4
  2070 | D:4      | Found a stormy altar of Qazlal.
  2151 | D:4      | Noticed Ijyb
  2156 | D:4      | Killed Ijyb
  2156 | D:4      | Reached skill level 5 in Unarmed Combat
  2171 | D:4      | Noticed Natasha
  2175 | D:4      | Killed Natasha
  2207 | D:4      | Noticed Natasha
  2211 | D:4      | Killed Natasha
  2216 | D:4      | Noticed Natasha
  2228 | D:4      | Reached XP level 6. HP: 46/62 MP: 5/5
  2237 | D:4      | Killed Natasha
  2322 | D:4      | Noticed Grinder
  2330 | D:4      | Killed Grinder
  2330 | D:4      | Reached skill level 6 in Unarmed Combat
  2620 | D:4      | Reached XP level 7. HP: 70/70 MP: 6/6
  2728 | D:5      | Entered Level 5 of the Dungeon
  2762 | D:5      | Shot with an arrow by a centaur

Illustrated notes

Levels and vault maps discovered:
D:1:      scummos_arrival_forest, layout_loops_corners
D:2:      layout_basic, nicolae_ashenzari_panopticon, serial_forest,
          infiniplex_forest_clump_medium, infiniplex_forest_clump_C,
          infiniplex_forest_straight_4, infiniplex_forest_clump_C,
          infiniplex_forest_straight_3, infiniplex_forest_side_room,
          infiniplex_forest_clump_cross, st_stairs_7
D:3:      layout_rooms
D:4:      layout_basic, nicolae_qazlal_general_emergency, uniq_grinder,
          uniq_natasha, uniq_ijyb
D:5:      cheibrodos_fzero, layout_basic, minmay_temple_entry_crystal_x,
          serial_shops, shop

Skill      XL: |  1  2  3  4  5  6 |
---------------+-------------------+-----
Unarmed Combat | 3 4 5 6 |  6.7
Fighting       | 3 4 |  4.4
Dodging        | |  2.4
Shields        | |  2.4

Action                   |  1- 3 |  4- 6 |  7- 9 || total
-------------------------+-------+-------+-------++-------
Melee: Unarmed           |    97 |   100 |    22 ||   219
 Stab: Sleeping          |     2 |     4 |       ||     6
Armor: Robe              |    35 |    31 |     8 ||    74
Dodge: Dodged            |    40 |    15 |     7 ||    62
Block: Kite shield       |    39 |    24 |    14 ||    77

Table legend: (Time is in decaauts)
 A = Elapsed time spent in this place.
 B = Non-inter-level travel time spent in this place.
 C = Inter-level travel time spent in this place.
 D = Time resting spent in this place.
 E = Time spent auto-exploring this place.
 F = Levels seen in this place.
 G = Mean time per level.
                   A        B        C        D        E       F      G
               +--------+--------+--------+--------+--------+-----+--------+
         Total |   2762 |   2654 |    108 |      0 |   2212 |   5 |  552.4 |
       Dungeon |   2762 |   2654 |    108 |      0 |   2212 |   5 |  552.4 |
               +--------+--------+--------+--------+--------+-----+--------+

Top non-repeatable levels by time:
     D:1: 831 daAuts
     D:4: 754 daAuts
     D:2: 708 daAuts
     D:3: 435 daAuts
     D:5: 32 daAuts
